 Dungeon Crawl Stone Soup version 0.32-a0-918-g0f22ef8 (webtiles) character file.

Game seed: 17694270640900852974

14231 Dorkslayer the Cleaver (level 11, -1/92 (94) HPs)
             Began as a Mountain Dwarf Fighter on Apr 9, 2024.
             Was an Initiate of Gozag.
             Slain by Donald
             ... wielding a +2 double sword of flaming
              (2 damage)
             ... on level 2 of the Orcish Mines on Apr 10, 2024.
             The game lasted 00:28:54 (8486 turns).

Dorkslayer the Cleaver (Mountain Dwarf Fighter)     Turns: 8486, Time: 00:28:55

HP:   -1/92 (94)    AC: 35    Str: 29    XL:     11   Next: 86%
MP:   11/11         EV:  5    Int:  9    God:    Gozag
Gold: 1871          SH:  5    Dex: 14    Spells: 10/10 levels left

rFire   . . .        a - +3 war axe (heavy)
rCold   . . .        c - +0 buckler
rNeg    . . .        s - +9 crystal plate armour of Qazlal's Favour {rPois Str+2 Dex+3 Slay-4}
rPois   +            v - +1 helmet
rElec   .            n - +0 cloak
rCorr   .            k - +0 pair of gloves
SInv    .            j - +1 pair of boots
Will    +....        (no amulet) Stlth
                     p - +6 ring of strength
HPRegen 0.35/turn    e - +4 ring of slaying
MPRegen 0.12/turn

%: no passive effects
@: lightly drained
A: runic magic, artefact enchanting
a: Renounce Religion, Potion Petition, Call Merchant, Bribe Branch


You were on level 2 of the Orcish Mines.
You worshipped Gozag.
Gozag was most pleased with you.
You visited 2 branches of the dungeon, and saw 11 of its levels.
You also visited: Ossuary.

You collected 1918 gold pieces.
You paid 47 gold pieces to Gozag.

Inventory:

Hand Weapons
 a - a +3 heavy war axe (weapon)
 u - a +3 flail of holy wrath
Missiles
 d - 3 boomerangs
 q - 4 javelins
 H - 4 curare-tipped darts (quivered)
Armour
 c - a +0 buckler (worn)
 j - a +1 pair of boots (worn)
 k - a +0 pair of gloves (worn)
 n - a +0 cloak (worn)
 s - the +9 crystal plate armour of Qazlal's Favour (worn) {rPois Str+2 Dex+3 Slay-4}
   (You found it on level 4 of the Dungeon)

   Str+2:     It affects your strength (+2).
   Dex+3:     It affects your dexterity (+3).
   Slay-4:    It affects your accuracy & damage with ranged weapons and melee
   (-4).
   rPois:     It protects you from poison.
 v - a +1 helmet (worn)
Jewellery
 e - a +4 ring of slaying (right hand)
 p - a +6 ring of strength (left hand)
 A - a ring of ice
 F - an amulet of magic regeneration
Talismans
 C - a blade talisman
 E - a serpent talisman
Wands
 f - a wand of roots (4)
 y - a wand of flame (33)
 D - a wand of polymorph (11)
Scrolls
 b - a scroll of amnesia
 h - a scroll of teleportation
 o - 3 scrolls of immolation
 r - 2 scrolls of fog
 z - a scroll of blinking
 B - a scroll of torment
Potions
 g - a potion of enlightenment {unknown}
 l - 2 potions of curing
 t - a potion of attraction
 w - a potion of lignification
 x - 2 potions of mutation
 G - a potion of berserk rage


   Skills:
 + Level 7.8 Fighting
 + Level 13.0 Axes
 + Level 2.2 Throwing
 + Level 8.0 Armour
 + Level 3.3 Dodging
 + Level 2.0 Stealth
 + Level 6.7 Shields
 * Level 9.0 Evocations
 * Level 5.0 Shapeshifting


You had 10 spell levels left.
You didn't know any spells.
Your spell library contained the following spells:

 Spells                   Type           Power      Damage    Failure   Level
 Freeze                   Ice            0%         1d3       73%         1
 Sandblast                Erth           0%         2d4       73%         1
 Sting                    Conj/Alch      0%         1d3       73%         1
 Cigotuvi's Dreadful Rot  Necr/Alch/Air  0%         N/A       86%         2
 Ensorcelled Hibernation  Hex/Ice        0%         N/A       86%         2
 Mercury Vapours          Alch/Air       0%         N/A       86%         2
 Frozen Ramparts          Ice            0%         1d1       97%         3
 Fugue of the Fallen      Necr           0%         N/A       97%         3
 Hailstorm                Conj/Ice       0%         3d5       97%         3
 Ozocubu's Armour         Ice            0%         N/A       97%         3
 Passwall                 Erth           0%         N/A       97%         3
 Stone Arrow              Conj/Erth      0%         3d7       97%         3
 Summon Ice Beast         Ice/Summ       0%         N/A       97%         3
 Swiftness                Air            0%         N/A       97%         3
 Brom's Barrelling Bould  Conj/Erth      0%         2d3       100%        4
 Dispel Undead            Necr           0%         3d6       100%        4
 Martyr's Knell           Necr/Summ      0%         N/A       100%        4
 Olgreb's Toxic Radiance  Alch           0%         N/A       100%        4
 Permafrost Eruption      Ice/Erth       0%         2x4d1     100%        6
 Sculpt Simulacrum        Ice/Alch       0%         N/A       100%        6
 Manifold Assault         Tloc           0%         N/A       100%        7


Dungeon Overview and Level Annotations

Branches:
Dungeon (9/15)             Temple (0/1) D:5             Orc (2/2) D:9
    Elf (0/3) Orc:2       Ossuary (visited)
   Lair: D:8-11

Altars:
Ashenzari
Dithmenos
Gozag
Kikubaaqudgha
Nemelex Xobeh
Okawaru
Sif Muna
Uskayaw
Xom
The Shining One

Shops:
D:2 [   D:4 :

Annotations:
D:3 1 transporter
Orc:2 Donald


Innate Abilities, Weirdness & Mutations

Your spellcasting is much less encumbered by armour.
You can use scrolls of enchantment on lesser artefacts.


Message History

The orc warrior throws a boomerang.
The boomerang hits you but does no damage.
The orc priest looks satisfied for a moment.
You open Donald like a pillowcase!!!
Donald is almost dead.
You slice the orc priest!!
You kill the orc priest!
Donald says, "Couldn't find enough potions?"
Donald hits you with a +2 double sword of flaming!
Donald burns you.
An orc comes into view. It is wielding a +0 dagger.
Donald hits you with a +2 double sword of flaming!
Donald burns you. Donald blocks your attack.
Donald is almost dead.
Donald says, "Orcs complain a lot, don't they?
I hate it."
Donald hits you with a +2 double sword of flaming!!
* * * LOW HITPOINT WARNING * * *
Donald burns you.
* * * LOW HITPOINT WARNING * * *
You block Donald's attack. Donald blocks your attack.
Donald is almost dead.
Donald hits you with a +2 double sword of flaming!
* * * LOW HITPOINT WARNING * * *
Donald burns you.
* * * LOW HITPOINT WARNING * * *
The orc is distracted by your dazzling golden aura.
Donald says, "I wonder if there's an end to this place."
You block Donald's attack. Donald blocks your attack.
Donald is almost dead.
The orc shouts!
You hit the orc warrior but do no damage.
Donald hits you with a +2 double sword of flaming.
* * * LOW HITPOINT WARNING * * *
Donald burns you.
You die...
Donald says, "I won.
I... don't hate that."
Your body crumbles into a pile of gold.

...#.###..........##
....# ##$.........#
..... #..........##
.....####o.......##
................##
.....>o..$....###
.........$$...#
#.......o@[.###
...$....$@$..#
#..#.....##.##
###...#### #....#
#..#.## ###...#
##.## ###


You could see Donald (fast, strong), an orc warrior, an orc priest and an orc.

Vanquished Creatures
  Rupert (Orc:2)
  3 two-headed ogres
  2 tengu warriors (D:9)
  Sonja (Orc:1)
  The ghost of Lovepenguin the Thaumaturge, a novice OpCj of Vehumet (D:7)
  An obsidian bat (Orc:1)
  Maurice (D:7)
  4 kobold blastminers
  Joseph (D:7)
  Jeremiah (D:7)
  A kobold demonologist (D:9)
  2 trolls
  A hornet (D:7)
  A wraith (D:9)
  4 yaks (D:8)
  3 steam dragons
  Edmund (D:6)
  An acid dragon (D:9)
  9 orc warriors
  A water moccasin (D:6)
  Duvessa (D:7)
  An ice beast (D:5)
  2 sky beasts (D:7)
  An ogre (Orc:1)
  Blork the orc (D:6)
  3 kobold brigands
  3 bullfrogs (D:7)
  2 scorpions
  A burial acolyte (Ossuary)
  9 wights
  Dowan (D:7)
  12 killer bees
  5 howler monkeys
  5 bombardier beetles
  Crazy Yiuf (D:2)
  3 hounds
  A jelly (D:5)
  8 orc priests
  An iguana (D:5)
  5 sleepcaps
  Ijyb (D:3)
  6 orc wizards
  3 adders
  4 gnolls (D:4)
  2 adder skeletons (Ossuary)
  4 dart slugs
  A ribbon worm (D:3)
  41 orcs
  5 ball pythons
  5 endoplasms
  4 giant cockroaches
  6 hobgoblins
  5 jackals
  4 quokkas
  5 bats
  A frilled lizard (D:1)
  3 goblins (D:1)
  17 kobolds
  3 kobold skeletons (Ossuary)
  3 orc skeletons (Ossuary)
  A rat (D:1)
230 creatures vanquished.

Vanquished Creatures (others)
  A sky beast (D:7)
1 creature vanquished.

Grand Total: 231 creatures vanquished

Notes
Turn   | Place    | Note
-------+----------+-------------------------------------------
     0 | D:1      | Dorkslayer the Mountain Dwarf Fighter began the quest for
                  | the Orb.
     0 | D:1      | Reached XP level 1. HP: 19/19 MP: 1/1
    58 | D:1      | Reached XP level 2. HP: 23/26 MP: 2/2
   426 | D:1      | Reached XP level 3. HP: 31/31 MP: 3/3
   459 | D:1      | Reached skill level 3 in Axes
   809 | D:2      | Found a faded altar of an unknown god.
   843 | D:2      | Found a broken altar of Ashenzari.
   845 | D:2      | Found Illih's Armour Shop.
  1072 | D:2      | Found a runed translucent door.
  1073 | D:2      | Noticed Crazy Yiuf
  1081 | D:2      | Killed Crazy Yiuf
  1082 | D:2      | Reached XP level 4. HP: 12/40 MP: 0/4
  1402 | D:3      | Reached skill level 1 in Dodging
  1547 | D:3      | Found an ancient bone altar of Kikubaaqudgha.
  1672 | D:3      | Noticed Ijyb
  1674 | D:3      | Killed Ijyb
  1769 | D:3      | Reached skill level 4 in Axes
  1771 | D:3      | Reached skill level 1 in Evocations
  1771 | D:3      | Reached XP level 5. HP: 20/46 MP: 5/5
  2157 | D:3      | Found a sparkling altar of Nemelex Xobeh.
  2157 | D:3      | Found a transporter.
  2158 | D:3      | Noticed a steam dragon
  2360 | D:3      | Found an opulent altar of Gozag.
  2364 | D:3      | Became a worshipper of Gozag Ym Sagoz the Greedy
  2399 | D:3      | Upgraded the game from 0.32-a0-913-g739538a to
                  | 0.32-a0-918-g0f22ef8
  2489 | D:4      | Found Ununkop's Book Boutique.
  2522 | D:4      | Found a shadowy altar of Dithmenos.
  2704 | D:4      | Reached XP level 6. HP: 52/52 MP: 6/6
  2951 | D:4      | Identified the +7 crystal plate armour of Qazlal's Favour
                  | {rPois Str+2 Dex+3 Slay-4}
  3351 | D:5      | Entered Level 5 of the Dungeon
  3351 | D:5      | Found a sand-covered staircase.
  3365 | Ossuary  | Entered an ossuary
  3410 | Ossuary  | Reached skill level 5 in Axes
  3527 | Ossuary  | Reached XP level 7. HP: 59/59 MP: 7/7
  3767 | D:5      | Found a staircase to the Ecumenical Temple.
  3956 | D:5      | Reached skill level 6 in Axes
  3956 | D:5      | Reached skill level 5 in Armour
  4192 | D:5      | Reached XP level 8. HP: 47/67 MP: 8/8
  4201 | D:5      | Found an iron altar of Okawaru.
  4425 | D:6      | Noticed Edmund
  4433 | D:6      | Killed Edmund
  4434 | D:6      | Reached skill level 7 in Axes
  4579 | D:6      | Noticed Blork the orc
  4580 | D:6      | Reached skill level 5 in Fighting
  4581 | D:6      | Reached skill level 5 in Evocations
  4589 | D:6      | Killed Blork the orc
  4784 | D:6      | Reached skill level 8 in Axes
  4850 | D:6      | Found a hide-covered altar of Uskayaw.
  5113 | D:6      | Reached XP level 9. HP: 68/74 MP: 9/9
  5224 | D:7      | Noticed Dowan
  5224 | D:7      | Noticed Duvessa
  5232 | D:7      | Killed Duvessa
  5284 | D:7      | Found a shimmering altar of Xom.
  5331 | D:7      | Noticed Maurice
  5340 | D:7      | Maurice stole a blade talisman
  5342 | D:7      | Maurice stole a ring of ice
  5343 | D:7      | Killed Maurice
  5344 | D:7      | Reached skill level 9 in Axes
  5344 | D:7      | Reached skill level 5 in Shields
  5344 | D:7      | Reached skill level 1 in Shapeshifting
  5347 | D:7      | Killed Dowan
  5354 | D:7      | Noticed Joseph
  5515 | D:7      | Paralysed by Joseph for 2 turns
  5524 | D:7      | Killed Joseph
  5641 | D:7      | Found a runed translucent door.
  5641 | D:7      | Noticed Lovepenguin's ghost (novice OpCj)
  5653 | D:7      | Killed Lovepenguin's ghost
  5654 | D:7      | Reached skill level 10 in Axes
  5689 | D:7      | Noticed Jeremiah
  5706 | D:7      | Reached XP level 10. HP: 80/83 MP: 10/10
  5720 | D:7      | Killed Jeremiah
  6010 | D:7      | Found a glowing golden altar of the Shining One.
  6112 | D:8      | Noticed a two-headed ogre
  6118 | D:8      | Killed a two-headed ogre
  6119 | D:8      | Reached skill level 1 in Stealth
  6214 | D:8      | Noticed a two-headed ogre
  6325 | D:8      | Reached skill level 11 in Axes
  6739 | D:8      | Found a shimmering blue altar of Sif Muna.
  7128 | D:9      | Identified the +10 dagger of Purpose {spect, Str+5 Dex-5}
  7167 | D:9      | Noticed a smoke demon
  7278 | D:9      | Noticed a tengu warrior
  7279 | D:9      | Noticed a tengu warrior
  7279 | D:9      | Found a staircase to the Orcish Mines.
  7305 | D:9      | Killed a two-headed ogre
  7311 | D:9      | Reached XP level 11. HP: 24/92 MP: 11/11
  7314 | D:9      | Reached skill level 12 in Axes
  7326 | D:9      | Killed a tengu warrior
  7341 | D:9      | Reached skill level 1 in Throwing
  7762 | D:9      | Killed a tengu warrior
  7878 | Orc:1    | Entered Level 1 of the Orcish Mines
  7937 | Orc:1    | Noticed an obsidian bat
  7948 | Orc:1    | Killed an obsidian bat
  8190 | Orc:2    | Entered Level 2 of the Orcish Mines
  8190 | Orc:2    | Found a staircase to the Elven Halls.
  8236 | Orc:2    | Noticed Rupert
  8238 | Orc:2    | Noticed Sonja
  8437 | Orc:2    | Killed Rupert
  8438 | Orc:2    | Noticed a two-headed ogre
  8447 | Orc:1    | Killed Sonja
  8448 | Orc:1    | Reached skill level 5 in Shapeshifting
  8472 | Orc:2    | Noticed Donald
  8474 | Orc:2    | Killed a two-headed ogre
  8475 | Orc:2    | Reached skill level 13 in Axes
  8485 | Orc:2    | HP: 4/92 [Donald/+2 double sword of flaming (5)]
  8486 | Orc:2    | HP: 1/92 [Donald/+2 double sword of flaming (3)]
  8486 | Orc:2    | Slain by Donald

Illustrated notes

Levels and vault maps discovered:
D:1:      lemuel_arrival_lava_pool, layout_loops_ring,
          amcnicky_mini_rare_corridor_liquid, minmay_fountain_box
D:2:      layout_rooms, hellmonk_ecumenical_altar_inner_sanctum, basic_altar,
          serial_shops, shop, uniq_crazy_yiuf_cottage
D:3:      layout_basic, grunt_nemelex_the_gamble, mainiacjoe_overflow_alcove_4,
          mainiacjoe_overflow_catwalk, uniq_ijyb
D:4:      layout_loops_ring, grunt_dithmenos_smoke_and_mirrors, serial_shops,
          shop, kennysheep_flooded_box
D:5:      layout_gridville, okawaru_gym_becter, minmay_temple_entry_junction,
          nicolae_ossuary_entry_monument
D:6:      layout_rooms, nicolae_uskayaw_dance_studio, blue_anna_alchemist,
          uniq_edmund, uniq_blork_the_orc
D:7:      layout_rooms, mainiacjoe_overflow_alcove_2, marbit_many_paths,
          gammafunk_ghost_grave, kennysheep_decorative_pillar,
          hangedman_misty_isle, uniq_jeremiah, uniq_maurice, uniq_joseph,
          uniq_duvessa
D:8:      layout_loops_ring, lemuel_blue_sif_altar,
          chequers_serial_rivers_micro_d, minmay_holes
D:9:      layout_rooms, david_orc_2
Orc:1:    layout_caves, uniq_nergalle
Orc:2:    grunt_orc_tribal_feast, layout_diamond_mine, uniq_sonja, uniq_donald,
          uniq_rupert

Skill      XL: |  1  2  3  4  5  6  7  8  9 10 11 |
---------------+----------------------------------+-----
Axes           | 3 4 5 6 8 10 11 13 | 13.0
Dodging        | 1 2 3 |  3.3
Armour         | 4 5 6 7 8 |  8.0
Shields        | 4 5 6 |  6.7
Evocations     | 1 2 3 4 5 6 7 9 |  9.0
Fighting       | 4 5 6 7 |  7.8
Shapeshifting  | 2 4 5 |  5.0
Stealth        | 1 2 |  2.0
Throwing       | 2 |  2.2

Action                     |  1- 3 |  4- 6 |  7- 9 | 10-12 || total
---------------------------+-------+-------+-------+-------++-------
  Melee: War axe           |    98 |   120 |   153 |   177 ||   548
         Unarmed           |       |       |     2 |       ||     2
  Throw: Javelin           |       |       |       |    16 ||    16
         Dart              |       |       |       |    10 ||    10
         Boomerang         |       |       |       |     2 ||     2
  Evoke: Wand              |       |       |    16 |    16 ||    32
    Use: Scroll            |       |     6 |    14 |     6 ||    26
         Potion            |       |       |       |     9 ||     9
   Stab: Distracted        |       |       |     1 |     1 ||     2
         Invisible         |       |       |       |     2 ||     2
         Paralysed         |       |       |       |     3 ||     3
 Armour: Scale mail        |   101 |   129 |       |       ||   230
         Crystal plate arm |       |    18 |   200 |   357 ||   575
         Skin              |       |       |     2 |       ||     2
  Dodge: Dodged            |    57 |    70 |    54 |    77 ||   258
  Block: Buckler           |    31 |    25 |    49 |    91 ||   196

Table legend: (Time is in decaauts)
 A = Elapsed time spent in this place.
 B = Non-inter-level travel time spent in this place.
 C = Inter-level travel time spent in this place.
 D = Time resting spent in this place.
 E = Time spent auto-exploring this place.
 F = Levels seen in this place.
 G = Mean time per level.
                   A        B        C        D        E       F      G
               +--------+--------+--------+--------+--------+-----+--------+
         Total |   8828 |   8805 |     23 |    291 |   4490 |  12 |  735.7 |
       Dungeon |   7870 |   7847 |     23 |    291 |   4149 |   9 |  874.4 |
  Orcish Mines |    637 |    637 |      0 |      0 |    341 |   2 |  318.5 |
       Ossuary |    319 |    319 |      0 |      0 |      0 |   1 |  319.0 |
               +--------+--------+--------+--------+--------+-----+--------+

Top non-repeatable levels by time:
     D:3: 1239 daAuts
     D:8: 997 daAuts
     D:6: 939 daAuts
     D:4: 908 daAuts
     D:9: 865 daAuts
     D:7: 814 daAuts
     D:5: 772 daAuts
     D:1: 760 daAuts
     D:2: 572 daAuts
   Orc:1: 545 daAuts
 Ossuary: 319 daAuts
   Orc:2: 92 daAuts
